 Dungeon Crawl Stone Soup version 0.18-a0-750-g37044d6 (webtiles) character file.

1755 Duffy the Carver (level 8, 0/67 HPs)
             Began as a Minotaur Berserker on Dec 12, 2015.
             Was an Elder of Trog.
             Killed from afar by an orc wizard (4 damage)
             ... with a puff of flame
             ... on level 7 of the Dungeon.
             The game lasted 00:06:20 (6267 turns).

Duffy the Carver (Minotaur Berserker)               Turns: 6267, Time: 00:06:20

Health: 0/67       AC:  9    Str: 23    XL:     8   Next: 78%
Magic:  7/7        EV:  9    Int:  4    God:    Trog [****..]
Gold:   326        SH:  0    Dex: 11    Spells: 0 memorised, 7 levels left

rFire  . . .     SeeInvis .     a - +0 falchion
rCold  . . .     Clarity  .     E - +0 chain mail
rNeg   . . .     SustAt   .     (no shield)
rPois  .         Gourm    .     (helmet restricted)
rElec  .         Spirit   .     (no cloak)
rCorr  .         Dismiss  .     (no gloves)
rMut   .         Stasis   .     (no boots)
MR     +....                    (no amulet)
Stlth  ..........               B - ring of stealth
                                e - ring of protection from magic

@: exhausted, slowed, very slow, somewhat resistant to hostile enchantments,
extremely unstealthy
A: retaliatory headbutt, horns 2
a: Berserk, Trog's Hand, Brothers in Arms, Burn Spellbooks, Renounce Religion


You were on level 7 of the Dungeon.
You worshipped Trog.
Trog was greatly pleased with you.
You were very hungry.

You visited 1 branch of the dungeon, and saw 7 of its levels.

You collected 326 gold pieces.


Innate Abilities, Weirdness & Mutations

You reflexively headbutt those who attack you in melee.
You have a pair of horns on your head.


   Skills:
 + Level 4.9 Fighting
 * Level 12.4 Long Blades
 + Level 4.1 Armour
 + Level 3.5 Dodging


You had 7 spell levels left.
You didn't know any spells.

Inventory:

Hand Weapons
 a - a +0 falchion (weapon)
Missiles
 D - 2 throwing nets (quivered)
Armour
 b - a +0 animal skin
 j - a +0 ring mail
 E - a +0 chain mail (worn)
Jewellery
 e - a ring of protection from magic (left hand)
 A - an uncursed amulet of dismissal
 B - a ring of stealth (right hand)
Wands
 G - a wand of digging (1)
Scrolls
 d - 8 scrolls of identify {unknown}
 i - 3 scrolls of fog {unknown}
 k - 4 scrolls of teleportation {unknown}
 l - 3 scrolls of remove curse {unknown}
 m - a scroll of magic mapping {unknown}
 o - 2 scrolls of fear {unknown}
 p - 2 scrolls of enchant weapon {unknown}
 q - a scroll of immolation {unknown}
 v - a scroll of noise {unknown}
 x - a scroll of silence {unknown}
 y - a scroll of random uselessness {unknown}
 z - 2 scrolls of amnesia {unknown}
 F - a scroll of recharging {unknown}
Potions
 g - 4 potions of curing {unknown}
 h - 2 potions of brilliance {unknown}
 n - 3 potions of haste
 r - a potion of degeneration {unknown}
 t - a potion of agility {unknown}
 u - a potion of resistance {unknown}
 w - a potion of ambrosia {unknown}
Comestibles
 c - 4 bread rations
 f - 6 meat rations
 s - 3 fruits
 C - 7 chunks of flesh

Dungeon Overview and Level Annotations

Branches:
Dungeon (7/15)             Temple (0/1) D:5

Altars:
Elyvilon
Makhleb
Pakellas
Xom


Message History

You closely miss the scorpion. You headbutt the scorpion.
The scorpion is heavily wounded.
The orc barely misses you. You furiously retaliate!
You headbutt the orc, but do no damage.
The scorpion stings you but does no damage.
The orc closely misses you.
You slash the scorpion!
The scorpion is almost dead.
The orc closely misses you. You furiously retaliate!
You headbutt the orc.
The scorpion stings you but does no damage.
The orc hits you but does no damage. The orc barely misses you.
You see here a giant frog corpse.
The scorpion stings you. The orc hits you but does no damage.
You hit the scorpion but do no damage. Your headbutt misses the scorpion.
The scorpion is almost dead.
The scorpion stings you but does no damage.
The orc hits you from afar with a trident.
You hit the scorpion.
You kill the scorpion!
Trog accepts your kill.
The orc hits you from afar with a trident.
Something hits you but does no damage. The orc hits you but does no damage.
Something hits you but does no damage.
Things that are here:
a scorpion corpse; a giant frog corpse You barely miss something.
Something hits you but does no damage. The orc hits you but does no damage.
You slash something! Something hits you but does no damage.
The orc hits you with a trident.
You miss something. You headbutt something!
You hear some strange, mumbled words.
A puff of flame appears from out of thin air!
The puff of flame hits you!
You die...

........#(.......#........+.#.#.#
......###.(......#....#...#(#...#
.......##..(..####....#.....#####
.......#.......###.....(........#
####.. #.......##................
.. +.......##........(.......
###+#....#................
..#.[.o##............#.#
......o{@..........##+#+#
#############............
#....##...... #....##......
#....##...... #....##......
#....##...... #....##......
#.....#......


You could see 2 orcs.

Action                   |  1- 3 |  4- 6 |  7- 9 || total
-------------------------+-------+-------+-------++-------
Melee: Falchion          |    83 |   100 |   180 ||   363
Invok: Berserk           |       |     2 |     3 ||     5
       Burn Spellbooks   |       |       |     1 ||     1
 Stab: Sleeping          |       |     1 |       ||     1
  Eat: Chunk             |     3 |     5 |     8 ||    16
       Fruit             |       |     2 |       ||     2
       Pizza             |       |     1 |     1 ||     2

Notes
Turn   | Place    | Note
--------------------------------------------------------------
     0 | D:1      | Duffy the Minotaur Berserker began the quest for the Orb.
     0 | D:1      | Reached XP level 1. HP: 19/19 MP: 0/0
    78 | D:1      | Found a shimmering altar of Xom.
   104 | D:1      | Reached skill level 4 in Long Blades
   111 | D:1      | Reached XP level 2. HP: 24/27 MP: 1/1
   344 | D:1      | Reached ** piety under Trog
   754 | D:1      | Reached XP level 3. HP: 30/33 MP: 2/2
  1482 | D:2      | Reached skill level 3 in Armour
  1856 | D:3      | Reached skill level 5 in Long Blades
  1877 | D:3      | Reached skill level 4 in Fighting
  1877 | D:3      | Reached XP level 4. HP: 37/40 MP: 3/3
  1912 | D:3      | Found a white marble altar of Elyvilon.
  2539 | D:4      | Noticed an ogre
  2970 | D:4      | Killed an ogre
  2970 | D:4      | Reached skill level 6 in Long Blades
  2970 | D:4      | Reached XP level 5. HP: 46/46 MP: 4/4
  2973 | D:4      | Reached skill level 7 in Long Blades
  3248 | D:4      | Noticed an ogre
  3261 | D:5      | Entered Level 5 of the Dungeon
  3263 | D:5      | Reached XP level 6. HP: 41/52 MP: 5/5
  3333 | D:4      | Reached skill level 8 in Long Blades
  3334 | D:4      | Reached *** piety under Trog
  3843 | D:5      | Reached skill level 9 in Long Blades
  3984 | D:5      | Reached XP level 7. HP: 30/59 MP: 6/6
  4184 | D:5      | Reached skill level 10 in Long Blades
  4383 | D:5      | Found a staircase to the Ecumenical Temple.
  4427 | D:5      | Noticed Grinder
  4518 | D:5      | Killed Grinder
  4769 | D:5      | Reached skill level 11 in Long Blades
  4769 | D:5      | Reached XP level 8. HP: 58/66 MP: 7/7
  5118 | D:6      | Found a burning altar of Makhleb.
  5343 | D:6      | Found an oddly glowing altar of Pakellas.
  5421 | D:6      | Reached **** piety under Trog
  5952 | D:7      | Reached skill level 12 in Long Blades
  6005 | D:7      | Reached skill level 3 in Dodging
  6250 | D:7      | Reached skill level 4 in Armour
  6267 | D:7      | Killed from afar by an orc wizard

Vault maps used:
D:1:      onia_arrival_larder, xom_teletrap_fun
D:2:      mumra_celtic_spiral_tile, first_bread
D:3:      old_standard_altar
D:4:      fountainhead
D:5:      temple_hall, uniq_grinder
D:6:      johnstein_pakellas_dig, bloody_makhleb, portal_sewer_entry_e
D:7:      minmay_klotski, guppyfry_early_elven_hall

Vanquished Creatures
  Grinder
  A hippogriff
  A sky beast
  2 ogres
  3 centaurs
  2 ice beasts
  A big kobold
  2 giant frogs
  A scorpion
  A crimson imp
  A giant frog zombie
  2 giant frog skeletons
  2 hounds
  An orc priest
  2 iguanas
  2 worker ants
  A worker ant zombie
  11 adders
  An ooze
  An adder skeleton
  2 worms
  5 giant geckos
  9 orcs
  6 ball pythons
  11 giant cockroaches
  5 hobgoblins
  10 jackals
  5 quokkas
  6 bats
  A giant cockroach zombie
  2 giant newts
  5 goblins
  8 kobolds
  A quokka skeleton
  13 rats
128 creatures vanquished.
